[Event "Vugar Gashimov Memorial Blitz 2024"]
[Site "Shusha"]
[Date "2024.09.28"]
[Round "2.4"]
[White "Nepomniachtchi, Ian"]
[Black "Artemiev, Vladislav"]
[Result "1/2-1/2"]
[ECO "C84"]
[WhiteElo "2755"]
[BlackElo "2701"]
[Annotator "TA"]
[PlyCount "132"]
[EventDate "2024.09.28"]
[EventType "tourn"]
[EventCountry "AZE"]
[SourceTitle "playchess.com"]
[Source "ChessBase"]
[SourceQuality "1"]
[TimeControl "180+2"]

1. e4 e5 2. Nf3 Nc6 3. Bb5 Nf6 4. d3 d6 5. O-O a6 6. Ba4 b5 7. Bb3 Na5 8. Nc3 Be7 9. Ne2 O-O 10. Ng3 c5 11. c3 Nxb3 12. axb3 Re8 {[%emt 0:00:07] C84: Closed Ruy Lopez: Unusual White 6th moves.} 13. Re1 h6 14. d4 cxd4 $146 ({Predecessor:} 14... Qc7 15. d5 Bf8 16. h3 g6 17. Be3 Bg7 18. Nh2 h5 19. Nf3 Nh7 20. Qd2 Qe7 {½-½ Karacan,C (2009)-Dedebas,E (2322) TUR-chT 1st League 2017 (7.2)}) 15. cxd4 Bf8 16. d5 a5 17. h3 Bd7 18. Be3 a4 19. Qd3 axb3 20. Nd2 Ra4 21. Ne2 Qc7 22. Rac1 Qb7 23. Nc3 Raa8 24. Nxb3 b4 25. Ne2 Bb5 26. Qb1 Qa6 27. Qc2 Bd3 28. Qd1 Bxe4 ({Not} 28... Nxe4 29. Rc6 Bxe2 (29... Qb5 30. Ned4 $17) 30. Qxe2 $17) 29. Ng3 Bxd5 30. Nd2 Qd3 31. Nh5 Nxh5 32. Qxh5 Qg6 33. Qxg6 fxg6 34. Nc4 Bxc4 35. Rxc4 d5 36. Rc6 d4 37. Bd2 Ra2 38. Rb1 g5 39. Rb6 Ra4 40. b3 (40. Rb5 $142) 40... Ra2 $19 41. Bxb4 Bxb4 42. Rxb4 Rf8 43. Rf1 d3 (43... Rb2 $19 {has better winning chances. ...Kh7 would now be deadly.} 44. Rc4 Rb8 (44... Rxb3 $2 45. Rc5 $19)) 44. Re4 {[%emt 0:00:03] [#]} (44. f3 $17 {was called for.}) 44... Rb8 (44... Rc2 $1 $19 {aiming for ...d2.} 45. Rxe5 d2) 45. b4 Rb2 46. Rd1 d2 (46... R8xb4 {simplifies} 47. Rxb4 Rxb4 48. Rxd3 Kf7) 47. Kf1 R8xb4 (47... R2xb4 48. Rxe5 Rd8 49. Rc5 $11) 48. Rxb4 Rxb4 49. Rxd2 Kf7 50. Rd6 Ke7 51. Rg6 Kf7 52. Ra6 h5 53. g3 Rb3 54. Kg2 e4 55. Ra7+ Kg6 56. Ra6+ Kh7 57. Ra5 Kh6 58. Ra6+ g6 59. Re6 Rb4 60. Re7 Rc4 61. Kf1 Rc1+ 62. Kg2 Re1 63. Kh2 g4 64. h4 Re2 65. Kg2 Re1 66. Kh2 Rf1 1/2-1/2

[Event "Vugar Gashimov Memorial Blitz 2024"]
[Site "Shusha"]
[Date "2024.09.28"]
[Round "3.1"]
[White "Artemiev, Vladislav"]
[Black "Mamedyarov, Shakhriyar"]
[Result "1/2-1/2"]
[ECO "E05"]
[WhiteElo "2701"]
[BlackElo "2733"]
[Annotator "TA"]
[PlyCount "66"]
[EventDate "2024.09.28"]
[EventType "tourn"]
[EventCountry "AZE"]
[SourceTitle "playchess.com"]
[Source "ChessBase"]
[SourceQuality "1"]
[TimeControl "180+2"]

1. Nf3 d5 2. g3 Nf6 3. Bg2 e6 4. c4 Be7 5. d4 O-O 6. Nc3 a6 7. O-O dxc4 8. Ne5 Nd5 9. Nxc4 b6 10. Nxd5 {[%emt 0:00:05] White is better.} exd5 11. Ne5 {[%emt 0:00:02] Prevents Nc6} Bb7 12. Qb3 Nd7 13. Bf4 (13. Bxd5 Bxd5 14. Qxd5 Nxe5 15. Qxd8 (15. Qxe5 Bf6 $11) 15... Rfxd8) 13... Nxe5 14. Bxe5 Bd6 (14... Re8 $11) 15. Rfd1 {[%emt 0:00:25] White is much more active.} ({Much weaker is} 15. Bxd5 Bxd5 16. Qxd5 Bxe5 17. Qxe5 Re8 $11) 15... Re8 16. Bxd5 Bxd5 17. Qxd5 Qg5 18. Rac1 Bxe5 19. dxe5 Qxe5 20. e3 {[%emt 0:01:04] Threatens to win with Qxe5.} Qxd5 21. Rxd5 $14 {[%emt 0:00:01][%mdl 4096] Endgame. KRR-KRR} Re7 22. g4 Kf8 23. Rh5 h6 24. g5 Kg8 25. gxh6 g6 26. Rh4 Rd8 27. Rhc4 ({Better is} 27. h7+ $14 Kh8 28. b4) 27... c5 $11 {[%emt 0:00:01] The position is equal.} 28. b4 cxb4 29. Rxb4 Rd6 30. Rc8+ Kh7 31. Ra8 b5 32. a4 Rb7 33. axb5 axb5 {[%emt 0:00:01] Weighted Error Value: White=0.14 (very precise) /Black=0.10 (very precise) .  Mistake:       	White=1     	Black=1      Inaccurate:     	White=4     	Black=3      OK:         	White=3     	Black=8      Best:        	White=1     	Black=3} 1/2-1/2

[Event "Vugar Gashimov Memorial Blitz 2024"]
[Site "Shusha"]
[Date "2024.09.28"]
[Round "3.2"]
[White "Abdusattorov, Nodirbek"]
[Black "Nepomniachtchi, Ian"]
[Result "1-0"]
[ECO "C44"]
[WhiteElo "2766"]
[BlackElo "2755"]
[Annotator "TA"]
[PlyCount "65"]
[EventDate "2024.09.28"]
[EventType "tourn"]
[EventCountry "AZE"]
[SourceTitle "playchess.com"]
[Source "ChessBase"]
[SourceQuality "1"]
[TimeControl "180+2"]

1. e4 e5 2. Nf3 Nf6 3. d3 Nc6 4. g3 Bc5 5. Bg2 O-O 6. O-O d5 7. exd5 Nxd5 8. a3 a5 9. Nc3 Nxc3 10. bxc3 {[%emt 0:00:02] The position is equal.} h6 11. Re1 Re8 12. Rb1 a4 13. Rb5 (13. Nd2 $11) 13... Bd6 ({Better is} 13... Qe7 $15) 14. Nd2 $1 $14 Ra6 15. Nc4 {[%emt 0:00:04] Prevents Rb6.} Na7 (15... Bf8 $14) 16. Rxb7 $16 Bxb7 (16... Nc6 $16 17. Nxd6 cxd6) 17. Bxb7 $18 Rc6 18. Bxc6 (18. Qg4 $18) 18... Nxc6 $16 19. Qg4 Re6 (19... Qc8 $16 {was worth a try.} 20. Qxc8 Rxc8) 20. Ne3 Qa8 21. Nf5 Rg6 22. Qe4 $40 {[%emt 0:00:01][%mdl 128] White attacks with force.} Qa6 23. h4 {[%emt 0:00:17][%cal Bh2h4,Bh4h5][%mdl 32] [#] aiming for h5.} Ne7 24. h5 Re6 25. Ne3 {[%emt 0:00:01] White has more active pieces.} Qa5 26. Bd2 Qb5 {[%emt 0:00:22] Repels Rb1} 27. Nc4 (27. Qa8+ $142 Kh7 28. Qf8) 27... Kh8 (27... Nc8 $16) 28. g4 ({White should play} 28. Qa8+ $18 Kh7 29. Nxd6 cxd6 30. c4) 28... f5 $2 {[%emt 0:00:23] [#] This move loses the game for Black.} 29. gxf5 $18 Rf6 30. Nxe5 Rxf5 $2 (30... Qa5 31. Nc4 Qxf5 32. Qxf5 Nxf5 33. Nxd6 Nxd6) 31. c4 {[%emt 0:00:10] White is clearly winning.} Qb6 32. Ng6+ Kh7 33. d4 {[%emt 0:00:06] Weighted Error Value: White=0.18 (very precise) /Black=0.69.  Loses game:     	---       	Black=1      Mistake:       	White=4     	Black=6      Inaccurate:     	---       	Black=2      OK:         	White=6     	Black=6      Best:        	White=4     	Black=1      Strong:       	White=1     	---} (33. Nxe7 $2 {gets mated.} Qxf2+ 34. Kh1 Qh2#) 1-0

[Event "Vugar Gashimov Memorial Blitz 2024"]
[Site "Shusha"]
[Date "2024.09.28"]
[Round "3.3"]
[White "Rapport, Richard"]
[Black "Suleymanli, Aydin"]
[Result "0-1"]
[ECO "C86"]
[WhiteElo "2715"]
[BlackElo "2632"]
[Annotator "RC"]
[PlyCount "163"]
[EventDate "2024.09.28"]
[EventType "tourn"]
[EventCountry "AZE"]
[SourceTitle "playchess.com"]
[Source "ChessBase"]
[SourceQuality "1"]
[TimeControl "180+2"]

1. e4 e5 2. Nf3 Nc6 3. Bb5 a6 4. Ba4 Nf6 5. O-O Be7 6. Qe2 b5 7. Bb3 O-O 8. c3 d6 9. Rd1 Na5 10. Bc2 c5 11. d4 Qc7 12. d5 Nc4 13. b3 Nb6 14. a4 Bd7 15. a5 Nc8 16. Nbd2 Re8 17. Nf1 Bd8 18. Ng3 Ne7 19. Nh4 g6 20. Rf1 Nexd5 21. exd5 Nxd5 22. Qf3 Bxh4 23. Qxd5 Bc6 24. Qd2 d5 25. Qh6 Bf6 26. Nh5 Bh8 27. Bg5 Re6 28. Bf5 gxf5 29. Bf6 Bxf6 30. Nxf6+ Rxf6 31. Qxf6 f4 32. h4 Re8 33. h5 Re6 34. Qg5+ Kf8 35. Rfe1 h6 36. Qf5 e4 37. b4 Qe5 38. Qh3 c4 39. Rad1 Kg7 40. Rd4 Rf6 41. f3 Qg5 42. Rf1 Rf5 43. Qh2 e3 44. Re1 Bd7 45. Kf1 Rf6 46. Ke2 Bf5 47. Rg1 Bd3+ 48. Kd1 e2+ 49. Ke1 Qe5 50. g3 Qe3 51. gxf4+ Kh7 52. Qg2 Qc1+ 53. Kf2 Qf1+ 54. Rxf1 exf1=Q+ 55. Qxf1 Bxf1 56. Kxf1 Rf5 57. Kg2 Kg7 58. Kg3 Kf6 59. Kg4 Ke6 60. Rd1 Rf6 61. Re1+ Kd7 62. f5 Rd6 63. Rd1 d4 64. cxd4 Kc6 65. Kf4 Kd5 66. Rc1 Rc6 67. Ke3 Rf6 68. Rg1 Rxf5 69. Rg8 Rxh5 70. Rd8+ Kc6 71. Rb8 Rh1 72. Rb6+ Kd5 73. Rxa6 Re1+ 74. Kd2 Rb1 75. Ra8 Rxb4 76. a6 Ra4 77. a7 Kc6 78. d5+ Kb7 79. d6 Ra2+ 80. Ke3 Kxa8 81. d7 Ra3+ 82. Kd4 0-1

[Event "Vugar Gashimov Memorial Blitz 2024"]
[Site "Shusha"]
[Date "2024.09.28"]
[Round "3.4"]
[White "Mamedov, Rauf"]
[Black "Aravindh, Chithambaram VR."]
[Result "0-1"]
[ECO "C25"]
[WhiteElo "2637"]
[BlackElo "2698"]
[Annotator "TA"]
[PlyCount "102"]
[EventDate "2024.09.28"]
[EventType "tourn"]
[EventCountry "AZE"]
[SourceTitle "playchess.com"]
[Source "ChessBase"]
[SourceQuality "1"]
[TimeControl "180+2"]

1. e4 e5 2. Nc3 Nc6 3. g3 g6 4. Bg2 Bg7 5. d3 d6 6. Nge2 Nge7 7. O-O O-O 8. Rb1 Be6 9. Nd5 Bxd5 10. exd5 {[%emt 0:00:01] White has an edge.} Nb4 11. a3 Nbxd5 12. c4 {[%emt 0:00:00] Against c6} Nf6 13. Bxb7 Rb8 14. Bg2 d5 15. Qa4 c6 16. Nc3 Nd7 17. Bg5 (17. Qxa7 Ra8 18. Qb7 d4 $15 (18... Nc5 19. Qb4 $15)) 17... f6 18. Bd2 Nc5 19. Qc2 Ne6 (19... Nb3 $15) 20. Qa4 (20. b4 $14) 20... Nc5 21. Qc2 Nb3 22. Rfd1 Kh8 23. Be1 f5 24. Ne2 f4 {[%emt 0:00:07] [#] aiming for ...f3. Black keeps a firm grip on the game.} 25. f3 $2 (25. d4 $17 {was called for.} fxg3 (25... Nxd4 26. Nxd4 exd4 27. Bb4 $14) 26. hxg3) 25... Nf5 $19 {[%emt 0:00:03] And now ...Ne3 would win. A dynamic duo of knights.} 26. Bf2 Ne3 27. Bxe3 fxe3 28. Kh1 Nd2 29. Rxd2 exd2 30. cxd5 cxd5 {[%emt 0:00:07][%cal Oe5e4] Hoping for ...e4!} 31. Qxd2 e4 32. Nf4 (32. fxe4 $17 dxe4 33. Bxe4) 32... exf3 33. Bxf3 Qf6 {[%emt 0:00:01] Inhibits Ne6. Strongly threatening ...g5.} 34. Rf1 $2 (34. Bxd5 $17 Rxb2 35. Qxb2 Qxb2 36. Rxb2 Bxb2 37. a4) 34... Rxb2 (34... Qxb2 35. Qd1 $19) 35. Qe3 Qe5 36. Qxa7 (36. Qxe5 Bxe5 37. Bxd5) 36... g5 37. Nh5 {[%emt 0:00:02] [#]} Rxf3 $2 $40 {[%emt 0:00:20][%mdl 128] Black is up to no good.} 38. Rc1 $2 (38. Rxf3 $11 Qe1+ 39. Qg1) 38... Rf8 (38... Rxd3 39. Rc8+) 39. Rg1 Rbf2 40. a4 R2f7 41. Qc5 Qe2 42. Nxg7 Qf3+ 43. Rg2 Qd1+ 44. Rg1 Qf3+ (44... Qxa4 45. Ne6 $17) 45. Rg2 Kxg7 46. h4 Qf5 (46... Qxd3 $142 47. Kh2 gxh4 48. Kh3 Qf5+ 49. Kh2 Qe4 (49... Qe5 {gets mated.} 50. Qc2 Rf3 51. Qb2 d4 52. Kh1 hxg3 53. Qb7+ Kh8 54. Qxf3 Rxf3 55. Rg1 g2+ 56. Kxg2 Qg3+ 57. Kh1 Qh3#) 50. gxh4+ Kh8 51. Qc3+ d4 52. Qg3 d3 53. a5 d2 (53... Qd4 {leads to mate.} 54. a6 d2 55. a7 d1=Q 56. Qg8+ Rxg8 57. Rxg8+ Kxg8 58. a8=Q+ Rf8 59. Qg2+ Kh8 60. Kg3 Qe1+ 61. Kh2 Qf4+ 62. Kh3 Qfxh4#) 54. Qc3+ Rf6 55. Qg3 Qxg2+ (55... d1=B 56. Qg7#) 56. Kxg2 d1=Q (56... d1=B $2 57. Qc3 $19) 57. h5 Qf1+ (57... Qxh5 58. Qe3 Rg8+ 59. Qg3 Qf3+ 60. Kg1 Rxg3+ 61. Kh2 Rh6#) 58. Kh2 Rf2+ 59. Qxf2 Rxf2+ 60. Kg3 Rg2+ 61. Kh4 Qh1#) 47. Kh2 h6 {[%emt 0:00:03] Black mates.} 48. a5 Qe5 49. Kh3 Rf3 50. a6 gxh4 51. Kxh4 Qg5+ {[%emt 0:00:01] Weighted Error Value: White=0.65/Black=0.53.  Loses game:     	White=1     	---        Mistake:       	White=4     	Black=1      Inaccurate:     	White=4     	---        OK:         	White=12    	Black=10     Best:        	White=3     	Black=4} 0-1

[Event "Vugar Gashimov Memorial Blitz 2024"]
[Site "Shusha"]
[Date "2024.09.28"]
[Round "4.1"]
[White "Mamedyarov, Shakhriyar"]
[Black "Aravindh, Chithambaram VR."]
[Result "1-0"]
[ECO "D36"]
[WhiteElo "2733"]
[BlackElo "2698"]
[Annotator "TA"]
[PlyCount "95"]
[EventDate "2024.09.28"]
[EventType "tourn"]
[EventCountry "AZE"]
[SourceTitle "playchess.com"]
[Source "ChessBase"]
[SourceQuality "1"]
[TimeControl "180+2"]

1. d4 Nf6 2. c4 e6 3. Nc3 d5 4. cxd5 exd5 5. Bg5 c6 6. e3 Be7 7. Bd3 Nbd7 8. Qc2 Nf8 9. Nf3 Ne6 10. Bh4 g6 11. O-O Ng7 12. b4 a6 13. Rab1 O-O 14. a4 Bf5 15. b5 axb5 16. axb5 Bxd3 17. Qxd3 Nf5 {[%emt 0:00:04] The position is equal.} 18. Bxf6 Bxf6 19. Rfc1 Ra3 20. Qc2 Qa5 21. bxc6 bxc6 22. Ne2 Ra2 $2 (22... Rc8 $11 {and Black is okay.}) 23. Qd1 $2 (23. Qxc6 $18 {Black must now prevent Nc3.} Rxe2 24. Qxf6) 23... Rc8 $11 24. Nf4 Nd6 25. Ra1 Ne4 26. Rxa2 Qxa2 27. Qc2 Ra8 28. Qxa2 Rxa2 29. Nd3 (29. Rxc6 $2 {is a self mate.} Ra1+ (29... Rxf2 $2 30. Nxd5 Bxd4 31. exd4 $18) (29... Rxf2 $2 30. Nxd5 Bxd4 31. exd4 $18)) 29... g5 (29... Be7 $11 {keeps the balance.}) 30. g4 $16 h5 31. h3 ({But not} 31. Rxc6 $6 hxg4 32. Rc8+ Kg7 $11) (31. gxh5 $16 {[%cal Of3e1] aiming for Nfe1!} g4 32. Nfe1) 31... hxg4 32. hxg4 Be7 (32... Ra3 $11 {is superior.} 33. Nc5 Nxc5 34. Rxc5 Ra6) 33. Rxc6 $14 Ra3 34. Nc5 (34. Nfe1 $16) 34... Bxc5 35. dxc5 {[%emt 0:00:00][%mdl 4096] [#] Endgame. Rc8+ is the strong threat. KRN-KRN} Ra1+ 36. Kg2 Ra2 37. Nd4 {[%emt 0:00:00] Rc8+ would now be deadly.} Rxf2+ 38. Kg1 Ra2 39. Rc8+ Kg7 40. c6 Ra1+ 41. Kg2 Rc1 42. c7 {[%emt 0:00:00] Threatens to win with Nb5.} Kf6 $2 {[%emt 0:00:02][%mdl 8192] [#]} (42... Rc5 $1 $14) 43. Nb5 $1 $18 Rc2+ 44. Kf1 Ng3+ $2 (44... Nc3 45. Nd6 Rc1+ 46. Kg2 Rc2+ 47. Kh1 Rc1+ (47... Ne4 $2 48. Ne8+ Ke5 49. Rd8 $18) 48. Kg2 Rc2+ 49. Kh3 Ne4 50. Ne8+ Ke7) 45. Ke1 {[%emt 0:00:00] White is clearly winning.} Rc1+ 46. Kd2 Rc5 47. Rd8 Ne4+ 48. Kd1 {[%emt 0:00:03] Weighted Error Value: White=0.15 (very precise) /Black=0.39.  Loses game:     	---       	Black=2      Missed win:     	White=1     	---        Mistake:       	White=2     	Black=4      Inaccurate:     	White=1     	---        OK:         	White=14    	Black=12     Best:        	White=3     	---        Strong:       	White=1     	---} 1-0

[Event "Vugar Gashimov Memorial Blitz 2024"]
[Site "Shusha"]
[Date "2024.09.28"]
[Round "4.2"]
[White "Suleymanli, Aydin"]
[Black "Mamedov, Rauf"]
[Result "1-0"]
[ECO "C41"]
[WhiteElo "2632"]
[BlackElo "2637"]
[Annotator "TA"]
[PlyCount "35"]
[EventDate "2024.09.28"]
[EventType "tourn"]
[EventCountry "AZE"]
[SourceTitle "playchess.com"]
[Source "ChessBase"]
[SourceQuality "1"]
[TimeControl "180+2"]

1. e4 d6 2. d4 Nf6 3. Nc3 e5 4. Nf3 exd4 5. Nxd4 g6 6. Bg5 Bg7 7. Qd2 h6 8. Bf4 g5 9. Bg3 Nh5 (9... Nc6 $14) 10. O-O-O {[%emt 0:00:05] White is more active.} Nc6 11. Nf5 Bxf5 12. exf5 {[%emt 0:00:02][%cal Be4f5,Bf5f6][%mdl 32] [#] Strongly threatening Qe2+.} Qd7 $2 {[%emt 0:00:22][%mdl 8192] A mistake that costs the game.} ({Better is} 12... Nxg3 $14 13. hxg3 Qf6) 13. Qe2+ $18 Ne7 14. Qxh5 Bxc3 15. bxc3 {[%emt 0:00:03] And now f6 would win. White is clearly winning.} O-O-O 16. Qxf7 Kb8 (16... Nxf5 $142 17. Qxd7+ Rxd7) 17. f6 Qf5 18. Bd3 {[%emt 0:00:09] Weighted Error Value: White=0.10 (very precise) /Black=0.92.  Loses game:     	---       	Black=1      Mistake:       	---       	Black=2      Inaccurate:     	White=1     	Black=1      OK:         	White=3     	Black=1      Best:        	White=1     	Black=1} 1-0

[Event "Vugar Gashimov Memorial Blitz 2024"]
[Site "Shusha"]
[Date "2024.09.28"]
[Round "4.3"]
[White "Nepomniachtchi, Ian"]
[Black "Rapport, Richard"]
[Result "1-0"]
[ECO "B18"]
[WhiteElo "2755"]
[BlackElo "2715"]
[Annotator "ChessBase"]
[PlyCount "114"]
[EventDate "2024.09.28"]
[EventType "tourn"]
[EventCountry "AZE"]
[SourceTitle "playchess.com"]
[Source "ChessBase"]
[SourceQuality "1"]
[TimeControl "180+2"]

1. e4 c6 2. d4 d5 3. Nc3 dxe4 4. Nxe4 Bf5 5. Ng3 Bg6 6. c3 e6 7. N1e2 Bd6 8. h4 h6 9. Nf4 Bxf4 10. Bxf4 Nf6 11. Be2 Nbd7 12. Qb3 Nb6 13. h5 Bh7 14. Qa3 a5 15. O-O Nbd5 16. Be5 b5 17. c4 bxc4 18. Bxc4 Nb4 19. Qf3 O-O 20. a3 Nbd5 21. Rac1 Nd7 22. Bd3 Bxd3 23. Qxd3 Re8 24. Ne4 Nxe5 25. dxe5 Qh4 26. Qf3 Rab8 27. Rc4 Qe7 28. Nd6 Rf8 29. Qe2 Qg5 30. g3 Rb3 31. Rfc1 c5 32. R1c2 Ne3 33. Ne4 Qxe5 34. fxe3 f5 35. Nc3 Qxg3+ 36. Kf1 f4 37. Rxf4 Rbb8 38. Ne4 Rxf4+ 39. exf4 Qxf4+ 40. Nf2 Qf5 41. Rc3 Rf8 42. Rg3 Rf6 43. Kg1 Kh8 44. Ne4 Qe5 45. Qe3 Rf5 46. Nf2 Qxb2 47. Rf3 Qb1+ 48. Kg2 Rg5+ 49. Rg3 Rxh5 50. Qxe6 Qb7+ 51. Kg1 Qb8 52. Qg6 Qe5 53. Kg2 c4 54. a4 Qd5+ 55. Ne4 Qe5 56. Rf3 Rh2+ 57. Kg1 Qb8 1-0

[Event "Vugar Gashimov Memorial Blitz 2024"]
[Site "Shusha"]
[Date "2024.09.28"]
[Round "4.4"]
[White "Artemiev, Vladislav"]
[Black "Abdusattorov, Nodirbek"]
[Result "1/2-1/2"]
[ECO "D13"]
[WhiteElo "2701"]
[BlackElo "2766"]
[Annotator "TA"]
[PlyCount "95"]
[EventDate "2024.09.28"]
[EventType "tourn"]
[EventCountry "AZE"]
[SourceTitle "playchess.com"]
[Source "ChessBase"]
[SourceQuality "1"]
[TimeControl "180+2"]

1. d4 d5 2. Nf3 Nf6 3. c4 c6 4. Nc3 a6 5. cxd5 cxd5 6. Bf4 Nc6 7. Rc1 Nh5 8. Be5 e6 9. e3 Be7 10. h3 O-O 11. Bh2 Nf6 12. Bd3 Bd7 13. O-O Rc8 14. a3 Na5 15. Ne5 b5 16. a4 Nc4 {[%emt 0:00:05] The position is equal.} 17. axb5 {[%emt 0:00:49] [#] Strongly threatening Bxc4.} Nxb2 18. Qd2 Nxd3 19. Qxd3 axb5 20. Nxb5 Bxb5 21. Qxb5 Bd6 22. Nc6 Bxh2+ 23. Kxh2 Qd6+ 24. Kg1 Rc7 {[%emt 0:00:21] [#] White must now prevent ...Rfc8.} 25. Qc5 Qxc5 26. Rxc5 Ne4 27. Rcc1 f6 ({Wrong is} 27... Rfc8 $2 28. Ne7+ Kf8 29. Nxc8 $18) 28. Nb4 Rfc8 29. Nd3 Kf7 30. Ra1 Rc2 31. Ra7+ R8c7 32. Rfa1 {[%emt 0:00:01][%cal Od3c5] Threatens to win with Nc5!} g5 33. Nc5 Rxa7 34. Rxa7+ Kg6 35. Nxe4 dxe4 $11 {[%emt 0:00:01][%mdl 4096] Endgame. KR-KR} 36. Re7 Rc6 37. g4 h5 38. Kg2 h4 39. Kg1 f5 40. Kg2 Kf6 41. Re8 Rc2 42. gxf5 exf5 43. Rf8+ Kg6 44. Rg8+ Kh6 45. Rf8 Kg6 46. Rg8+ Kf6 47. Rf8+ Kg6 48. Rg8+ {[%emt 0:00:01] Weighted Error Value: White=0.04 (flawless) /Black=0.03 (flawless) .  OK:         	White=18    	Black=17} 1/2-1/2

[Event "Vugar Gashimov Memorial Blitz 2024"]
[Site "Shusha"]
[Date "2024.09.28"]
[Round "5.1"]
[White "Abdusattorov, Nodirbek"]
[Black "Mamedyarov, Shakhriyar"]
[Result "1-0"]
[ECO "C44"]
[WhiteElo "2766"]
[BlackElo "2733"]
[Annotator "TA"]
[PlyCount "91"]
[EventDate "2024.09.28"]
[EventType "tourn"]
[EventCountry "AZE"]
[SourceTitle "playchess.com"]
[Source "ChessBase"]
[SourceQuality "1"]
[TimeControl "180+2"]

1. e4 e5 2. Nf3 Nc6 3. g3 Nf6 4. d3 g6 5. Bg2 Bg7 6. O-O d5 7. exd5 Nxd5 8. Nc3 Nxc3 9. bxc3 O-O 10. Nd2 {[%emt 0:00:12] The position is equal.} Re8 11. Rb1 Na5 12. Ne4 Rb8 13. Bg5 f6 14. Be3 b6 15. c4 (15. Nc5 $5) 15... Be6 16. Re1 Qd7 17. Bd2 {[%emt 0:00:15] [#] And now Bxa5 would win.} Nb7 (17... Bg4 $1 $11 18. f3 Bf5) 18. f4 (18. Nxf6+ $14 Bxf6 19. Bxb7) 18... Bg4 19. Qc1 Bh3 20. Bxh3 Qxh3 21. Bc3 (21. fxe5 $14 fxe5 22. Bc3) 21... Nd6 $11 22. fxe5 fxe5 23. Qd2 Rf8 24. Qg2 Qxg2+ 25. Kxg2 Rbe8 {[%emt 0:00:03] White stays focused until the end.} ({Better is} 25... Nf5 $14) 26. Bb4 $16 Rd8 27. Bxd6 cxd6 28. Rb5 Rf7 29. Rd5 Bf8 30. a4 h6 31. Ra1 Rb7 32. Rb1 {[%emt 0:00:02] White is more active.} Rc7 33. a5 Rc6 34. axb6 axb6 35. Rdb5 d5 (35... Kf7 $142 36. Rf1+ (36. Rxb6 Rxb6 37. Rxb6 Ra8 $18) 36... Kg7) 36. Rxd5 $18 Rxd5 37. cxd5 Rxc2+ {[%emt 0:00:01][%mdl 4096] Endgame. KRB-KRN} 38. Kf3 Bc5 39. Ra1 Rxh2 40. Ra8+ Kf7 41. Ra7+ Ke8 {[%emt 0:00:02] [#]} 42. d6 $1 Rh1 $2 (42... Rc2 43. Nf6+ Kf8 44. Ra8+ Kf7) 43. Nf6+ Kf8 44. d7 Be7 (44... Ke7 $2 45. Ra8 Kxf6 46. d8=Q+ $18 (46. d8=R h5 $17)) 45. Nd5 {[%emt 0:00:03] Ra8+ would kill now.} e4+ $2 (45... Bg5 46. Ra8+ (46. Nxb6 Ke7 $16) 46... Kf7) 46. dxe4 {[%emt 0:00:03] Weighted Error Value: White=0.09 (flawless) /Black=0.20 (precise) .  Mistake:       	White=3     	Black=5      Inaccurate:     	---       	Black=4      OK:         	White=15    	Black=9      Best:        	White=2     	Black=3      Strong:       	White=1     	---} (46. Kg2 $142 Rd1 47. Ra8+ (47. dxe4 b5 $18) (47. Nxb6 Rd2+ 48. Kh3 e3 $11) 47... Kf7 48. Nxe7 (48. d8=R Rd2+ 49. Kh3 Bxd8 $11) (48. dxe4 h5 $18) 48... Rxd3 49. Nxg6 (49. d8=R Kxe7 50. Re8+ Kf6 $18) (49. d8=Q Rxd8 50. Rxd8 Kxe7 $18) (49. d8=B Rd2+ 50. Kf1 e3 $18) 49... Rd2+ 50. Kh3) 1-0

[Event "Vugar Gashimov Memorial Blitz 2024"]
[Site "Shusha"]
[Date "2024.09.28"]
[Round "5.2"]
[White "Rapport, Richard"]
[Black "Artemiev, Vladislav"]
[Result "1/2-1/2"]
[ECO "C78"]
[WhiteElo "2715"]
[BlackElo "2701"]
[Annotator "RC"]
[PlyCount "151"]
[EventDate "2024.09.28"]
[EventType "tourn"]
[EventCountry "AZE"]
[SourceTitle "playchess.com"]
[Source "ChessBase"]
[SourceQuality "1"]
[TimeControl "180+2"]

1. e4 e5 2. Nf3 Nc6 3. Bb5 a6 4. Ba4 Nf6 5. O-O b5 6. Bb3 Bb7 7. d3 Bc5 8. Nc3 O-O 9. Nd5 Nxd5 10. Bxd5 d6 11. c3 Bb6 12. h4 h6 13. h5 Rb8 14. d4 exd4 15. cxd4 Ne7 16. Bxb7 Rxb7 17. Bf4 Qd7 18. Nh4 Qe6 19. Bg3 Qc4 20. e5 Qxd4 21. Qf3 Qd5 22. Nf5 c6 23. Qxd5 cxd5 24. Nxe7+ Rxe7 25. exd6 Re2 26. Rfc1 f5 27. Rc6 f4 28. Bh4 Bd8 29. Kf1 Rxb2 30. Be7 Bxe7 31. dxe7 Re8 32. Re1 Rxa2 33. Rce6 Ra4 34. f3 Ra3 35. Rd1 Re3 36. Rxa6 R8xe7 37. Rd6 R3e5 38. R6xd5 Rxd5 39. Rxd5 Rb7 40. Ke1 b4 41. Kd1 b3 42. Kc1 b2+ 43. Kb1 Rb4 44. Rf5 Kh8 45. Rf8+ Kh7 46. Rf7 Rb5 47. Rxf4 Rxh5 48. Kxb2 Rh2 49. Rg4 h5 50. Rg5 Kh6 51. f4 Rh4 52. g3 Rh2+ 53. Kc3 h4 54. Rg4 h3 55. Rh4+ Kg6 56. Kd3 Rh1 57. Ke2 Kf6 58. Kf3 g5 59. Rh6+ Kg7 60. fxg5 h2 61. Kg4 Ra1 62. Rxh2 Ra4+ 63. Kh5 Ra1 64. Rc2 Rh1+ 65. Kg4 Ra1 66. Rc4 Rb1 67. Rc7+ Kg6 68. Rc6+ Kg7 69. g6 Rb4+ 70. Kh5 Rb5+ 71. Kh4 Rd5 72. g4 Rb5 73. Kg3 Rg5 74. Kf4 Rxg6 75. Rxg6+ Kxg6 76. Ke4 1/2-1/2